 Dungeon Crawl Stone Soup version 0.30-a0-1018-g25214051b3 (webtiles) character file.

Game seed: 7836593282847158443

1070 funkygono the Chopper (level 8, -15/70 HPs)
             Began as a Minotaur Fighter on Apr 7, 2023.
             Was an Initiate of Okawaru.
             Demolished by Pikel
             ... wielding a +1 whip of electrocution
              (17 damage)
             ... on level 6 of the Dungeon.
             The game lasted 00:07:10 (4376 turns).

funkygono the Chopper (Minotaur Fighter)            Turns: 4376, Time: 00:07:12

Health: -15/70     AC: 11    Str: 23    XL:     8   Next: 7%
Magic:  7/7        EV:  8    Int:  5    God:    Okawaru [......]
Gold:   1255       SH:  5    Dex: 10    Spells: 7/7 levels left

rFire   . . .      SeeInvis .    a - +0 war axe
rCold   + . .      Faith    .    c - +0 buckler
rNeg    . . .      Spirit   .    e - +0 chain mail
rPois   .          Reflect  .    (helmet restricted)
rElec   .          Rampage  .    s - +0 cloak
rCorr   .                        (no gloves)
Will    .....                    (no boots) Stlth
                                 (no amulet)
HPRegen 0.31/turn                f - ring of protection from cold
MPRegen 0.10/turn                (no ring)

@: no status effects
A: horns 2, retaliatory headbutt
a: Renounce Religion


You were on level 6 of the Dungeon.
You worshipped Okawaru.
Okawaru was noncommittal.
You visited 1 branch of the dungeon, and saw 6 of its levels.

You collected 1255 gold pieces.

Inventory:

Hand Weapons
 a - a +0 war axe (weapon)
 t - the +5 woodcutter's axe
   (You found it on level 3 of the Dungeon)
Armour
 c - a +0 buckler (worn)
 e - a +0 chain mail (worn)
 s - a +0 cloak (worn)
Jewellery
 f - a ring of protection from cold (left hand)
Wands
 k - a wand of paralysis (5)
 l - a wand of digging (4)
 n - a wand of flame (22)
Scrolls
 b - 2 scrolls of identify
 i - a scroll of fog
 j - a scroll of poison
 q - 2 scrolls of teleportation
Potions
 d - a potion of might
 g - a potion of ambrosia
 h - a potion of mutation
 m - 4 potions of curing
 o - a potion of berserk rage
 p - 2 potions of magic
 r - a potion of resistance


   Skills:
 + Level 6.0 Fighting
 + Level 7.6 Axes
 + Level 6.5 Armour
 + Level 1.9 Dodging
 + Level 0.4 Stealth
 + Level 5.1 Shields


You had 7 spell levels left.
You didn't know any spells.
Your spell library was empty.

Dungeon Overview and Level Annotations

Branches:
Dungeon (6/15)
 Temple: D:4-7

Altars:
Ashenzari
Cheibriados
Okawaru
Wu Jian

Shops:
D:2 ?

Annotations:
D:6 Pikel


Innate Abilities, Weirdness & Mutations

You have a pair of horns on your head.
You reflexively headbutt those who attack you in melee.


Message History

You closely miss Pikel.
Pikel is heavily wounded.
You hit the lemure. Pikel hits you but does no damage. The lemure hits you.
You hit Pikel. Your headbutt misses Pikel.
Pikel is heavily wounded.
You completely miss the lemure. Pikel closely misses you.
A lemure comes into view.
The lemure closely misses you. You furiously retaliate!
You headbutt the lemure. You closely miss Pikel.
Pikel is heavily wounded.
You slash the lemure!
You kill the lemure!
That felt strangely unrewarding.
Pikel hits you with a +1 whip of electrocution.
You slash Pikel! Your headbutt misses Pikel.
Pikel is severely wounded.
You hit the lemure but do no damage.
Pikel hits you with a +1 whip of electrocution.
You block the lemure's attack.
You miss Pikel.
Pikel is severely wounded.
You barely miss the lemure. Pikel hits you but does no damage.
You are electrocuted!!
* * * LOW HITPOINT WARNING * * *
The lemure hits you but does no damage.
You miss Pikel.
Pikel is severely wounded.
You hit the lemure but do no damage. Pikel hits you but does no damage.
You are electrocuted!
* * * LOW HITPOINT WARNING * * *
You block the lemure's attack.
You slash Pikel!
Pikel is almost dead.
You hit the lemure.
Pikel says, "Hell isn't that bad."
Pikel hits you with a +1 whip of electrocution.
* * * LOW HITPOINT WARNING * * *
You are electrocuted!
You die...

#...#.##.>......#####
###...#..#.##........
...................
................##...
####............# ##
#..#...#######
#..#.#....#######
......#.##.......#
....)...###@....##
#######...5K#####
##.##5# ####.. ##. ##


You could see Pikel and 2 lemures.

Vanquished Creatures
  A black bear (D:5)
  A lemure (D:6)
  A phantom (D:5)
  A gnoll sergeant (D:3)
  3 scorpions
  3 hounds
  A jelly (D:5)
  2 orc priests (D:3)
  A sleepcap (D:5)
  Jessica (D:2)
  3 orc wizards (D:3)
  Natasha (thrice) (D:3)
  Robin (D:2)
  7 gnolls
  5 adders
  2 white imps
  3 ufetubi
  6 dart slugs
  11 orcs
  12 ball pythons
  6 endoplasms
  2 giant cockroaches (D:1)
  14 goblins
  12 hobgoblins
  5 jackals
  4 quokkas
  3 bats
  3 frilled lizards
  10 kobolds
  4 rats
131 creatures vanquished.

Vanquished Creatures (others)
  3 demonic plants (D:2)
  2 fungi (D:2)
  A plant (D:2)
6 creatures vanquished.

Grand Total: 137 creatures vanquished

Notes
Turn   | Place    | Note
-------+----------+-------------------------------------------
     0 | D:1      | funkygono the Minotaur Fighter began the quest for the Orb.
     0 | D:1      | Reached XP level 1. HP: 19/19 MP: 0/0
   153 | D:1      | Reached XP level 2. HP: 27/27 MP: 1/1
   460 | D:1      | Reached XP level 3. HP: 33/33 MP: 2/2
   502 | D:1      | Reached skill level 3 in Axes
   837 | D:2      | Found a faded altar of an unknown god.
   931 | D:2      | Found The Oracle's Delphic Readings.
  1013 | D:2      | Noticed Jessica
  1020 | D:2      | Killed Jessica
  1021 | D:2      | Reached XP level 4. HP: 40/40 MP: 3/3
  1165 | D:2      | Noticed Robin
  1190 | D:2      | Killed Robin
  1191 | D:2      | Reached skill level 4 in Axes
  1424 | D:3      | Noticed Natasha
  1431 | D:3      | Killed Natasha
  1505 | D:3      | Reached XP level 5. HP: 42/47 MP: 4/4
  1596 | D:3      | Reached skill level 1 in Dodging
  1620 | D:3      | Noticed Natasha
  1623 | D:3      | Killed Natasha
  1875 | D:3      | Reached skill level 5 in Axes
  1875 | D:3      | Reached skill level 5 in Armour
  1875 | D:3      | Reached XP level 6. HP: 39/55 MP: 5/5
  1982 | D:3      | Noticed Natasha
  2001 | D:3      | Killed Natasha
  2118 | D:3      | Found a snail-covered altar of Cheibriados.
  2311 | D:3      | Found the +5 woodcutter's axe
  2333 | D:3      | Reached skill level 5 in Fighting
  2433 | D:3      | Identified a scroll of acquirement
  2433 | D:3      | Acquired 977 gold pieces
  2730 | D:4      | Found a broken altar of Ashenzari.
  2808 | D:4      | Reached skill level 6 in Axes
  3033 | D:4      | Reached XP level 7. HP: 61/61 MP: 6/6
  3356 | D:5      | Entered Level 5 of the Dungeon
  3367 | D:5      | Reached skill level 5 in Shields
  3469 | D:5      | Found an ornate altar of the Wu Jian Council.
  3943 | D:5      | Reached skill level 7 in Axes
  3990 | D:5      | Reached XP level 8. HP: 68/70 MP: 7/7
  4300 | D:6      | Found an iron altar of Okawaru.
  4323 | D:6      | Became a worshipper of Warmaster Okawaru
  4366 | D:6      | Noticed Pikel
  4376 | D:6      | HP: 2/70 [Pikel/+1 whip of electrocution (3)]
  4376 | D:6      | Demolished by Pikel

Illustrated notes

Levels and vault maps discovered:
D:1:      dpeg_arrival_rooms_c, layout_basic, dk_noncrumbling_2
D:2:      layout_basic, shapermc_ecumenical_altar_gd, serial_glass,
          glass_columns_b, glass_columns_a, due_unseen_surprise,
          feat_on_display, minmay_strange_pillars, nicolae_nh_oracle_at_delphi,
          uniq_jessica, uniq_robin
D:3:      layout_rooms, kennysheep_slug_shrine, amcnicky_mini_corridor_feature,
          pf_guarded_unrand_woodcutter, uniq_natasha
D:4:      layout_loops_corners, lemuel_coloured_pillars_altar
D:5:      layout_basic, kennysheep_mini_moat, kennysheep_windowed_goal
D:6:      layout_rooms, nicolae_tso_swordbearing_angel,
          mainiacjoe_overflow_catwalk, serial_shops, kennysheep_mini,
          kennysheep_cluttered_room, centaur_isle, uniq_pikel

Skill      XL: |  1  2  3  4  5  6  7  8 |
---------------+-------------------------+-----
Fighting       | 4 5 6 |  6.0
Shields        | 4 5 |  5.1
Armour         | 4 5 6 |  6.5
Axes           | 3 4 5 6 7 |  7.6
Dodging        | 1 |  1.9
Stealth        | |  0.4

Action                     |  1- 3 |  4- 6 |  7- 9 || total
---------------------------+-------+-------+-------++-------
  Melee: War axe           |    72 |   171 |    65 ||   308
         Headbutt          |     8 |    32 |    14 ||    54
    Use: Scroll            |       |    11 |     2 ||    13
 Armour: Chain mail        |    38 |    95 |    32 ||   165
  Dodge: Dodged            |    27 |    63 |    28 ||   118
  Block: Buckler           |    26 |    41 |    14 ||    81

Table legend: (Time is in decaauts)
 A = Elapsed time spent in this place.
 B = Non-inter-level travel time spent in this place.
 C = Inter-level travel time spent in this place.
 D = Time resting spent in this place.
 E = Time spent auto-exploring this place.
 F = Levels seen in this place.
 G = Mean time per level.
                   A        B        C        D        E       F      G
               +--------+--------+--------+--------+--------+-----+--------+
         Total |   4475 |   4320 |    155 |      3 |   3368 |   6 |  745.8 |
       Dungeon |   4475 |   4320 |    155 |      3 |   3368 |   6 |  745.8 |
               +--------+--------+--------+--------+--------+-----+--------+

Top non-repeatable levels by time:
     D:3: 1086 daAuts
     D:5: 935 daAuts
     D:4: 915 daAuts
     D:2: 830 daAuts
     D:1: 613 daAuts
     D:6: 95 daAuts
